 Dungeon Crawl Stone Soup version 0.21.0-3-g78d12a8 (webtiles) character file.

13748 Fingolfin the Cleaver (level 12, -18/94 HPs)
             Began as a Formicid Fighter on Jan 14, 2018.
             Was a High Priest of Ru.
             Demolished by a white ugly thing (23 damage)
             ... on level 11 of the Dungeon.
             The game lasted 00:31:11 (11091 turns).

Fingolfin the Cleaver (Formicid Fighter)           Turns: 11091, Time: 00:31:12

Health: -18/94     AC: 20    Str: 24    XL:     12   Next: 36%
Magic:  10/10      EV: 10    Int: 10    God:    Ru [*****.]
Gold:   324        SH:  0    Dex: 15    Spells: 9/11 levels left

rFire    . . .     SeeInvis +   a - +1 war axe (chop)
rCold    . . .     Gourm    .   c - +0 shield
rNeg     . . .     Faith    .   C - +0 chain mail
rPois    .         Spirit   .   (helmet unavailable)
rElec    .         Reflect  .   y - +0 cloak
rCorr    .         Harm     .   L - +1 pair of gloves
MR       +....                  J - +0 pair of boots
Stlth    ..........             (no amulet)
HPRegen  0.25/turn              o - +3 ring of protection
MPRegen  0.12/turn              u - +4 ring of protection

@: confused, agile, exhausted, no scrolls, drained
A: permanent stasis, dig shafts and tunnels, four strong arms, antennae 3, low
mp 1, screaming 1, inability to read while threatened, inability to use devices,
unskilled 1
a: Dig, Shaft Self, Draw Out Power, Power Leap, Apocalypse, Renounce Religion


You were on level 11 of the Dungeon.
You worshipped Ru.
Ru was extremely pleased with you.
You were not hungry.

You visited 2 branches of the dungeon, and saw 12 of its levels.

You collected 686 gold pieces.
You spent 362 gold pieces at shops.

Inventory:

Hand Weapons
 a - a +1 war axe of chopping (weapon)
 b - a +4 scimitar of flaming
 e - a +0 arbalest
Missiles
 B - 75 bolts
Armour
 c - a +0 shield (worn)
 y - a +0 cloak (worn)
 C - a +0 chain mail (worn)
 J - a +0 pair of boots (worn)
 L - a +1 pair of gloves (worn)
Jewellery
 o - a +3 ring of protection (left hand)
 u - a +4 ring of protection (right hand)
 G - an uncursed ring of protection from fire
Scrolls
 g - 3 scrolls of enchant weapon {unknown}
 h - 7 scrolls of teleportation {unknown}
 j - a scroll of blinking {unknown}
 k - 5 scrolls of enchant armour {unknown}
 l - 3 scrolls of amnesia {unknown}
 m - 10 scrolls of identify {unknown}
 s - 3 scrolls of immolation {unknown}
 v - 8 scrolls of remove curse {unknown}
 x - a scroll of magic mapping {unknown}
 E - a scroll of fear {unknown}
 N - a scroll of torment {unknown}
Potions
 d - a potion of might
 n - a potion of haste
 p - a potion of berserk rage
 q - 2 potions of flight {unknown}
 r - 6 potions of curing
 t - 3 potions of lignification {unknown}
 w - 5 potions of degeneration {unknown}
 z - 2 potions of ambrosia
 A - a potion of mutation {unknown}
 D - 2 potions of agility
 F - 3 potions of brilliance {unknown}
 H - a potion of magic {unknown}
 I - a potion of invisibility {unknown}
 M - a potion of cancellation {unknown}
Books
 i - a book of Misfortune

   Spells                             Type                      Level
   a - Confusing Touch                Hexes                        1
   b - Confuse                        Hexes                        3
   c - Gell's Gravitas                Translocation                3
   d - Petrify                        Transmutation/Earth          4
   e - Metabolic Englaciation         Hexes/Ice                    5
   f - Yara's Violent Unravelling     Hexes/Transmutation          5
 O - a book of the Earth

   Spells                             Type                      Level
   a - Leda's Liquefaction            Hexes/Earth                  4
   b - Bolt of Magma                  Conjuration/Fire/Earth       5
   c - Statue Form                    Transmutation/Earth          6
   d - Iron Shot                      Conjuration/Earth            6
   e - Shatter                        Earth                        9
 P - a book of Air

   Spells                             Type                      Level
   a - Shock                          Conjuration/Air              1
   b - Swiftness                      Charms/Air                   2
   c - Static Discharge               Conjuration/Air              3
   d - Airstrike                      Air                          4
   e - Lightning Bolt                 Conjuration/Air              5
Comestibles
 f - 16 rations


   Skills:
 - Level 8.9(7.8) Fighting
 + Level 14.4(13.4) Axes
   Level 5.2(9.7) Maces & Flails
 - Level 3.0(2.0) Armour
 - Level 3.2(2.3) Shields


You had 9 spell levels left.
You knew the following spells:

 Your Spells              Type           Power        Failure   Level  Hunger
S - Swiftness             Chrm/Air       #.......     100%        2    ###....


Dungeon Overview and Level Annotations

Branches:
Dungeon (11/15)            Temple (1/1) D:4            Lair (0/6) D:9
    Orc (0/2) D:10

Altars:
Ashenzari
Cheibriados
Dithmenos
Elyvilon
Fedhas
Gozag
Hepliaklqana
Kikubaaqudgha
Makhleb
Nemelex Xobeh
Okawaru
Qazlal
Ru
Sif Muna
Trog
Uskayaw
Vehumet
Wu Jian
Xom
Yredelemnul
Zin
The Shining One

Shops:
D:5 *   D:8 }[=![   D:9 *   D:10 [


Innate Abilities, Weirdness & Mutations

You cannot be hasted, slowed, berserked, paralysed or teleported.
You can dig through walls and to a lower floor.
Your four strong arms can wield two-handed weapons with a shield.
You have a pair of large antennae on your head. (SInv)
You occasionally shout uncontrollably at your foes.
You cannot read scrolls while threatened.
You cannot study or use magical devices.
You are somewhat unskilled. (-1 Apt)
Your magical capacity is low. (-10% MP)


Message History

You redirect the white ugly thing's attack!
The white ugly thing engulfs itself.
You hit the white ugly thing but do no damage.
The white ugly thing is moderately wounded.
The white ugly thing engulfs you. The white ugly thing freezes you!!
* * * LOW HITPOINT WARNING * * *
You are restored by drawing out deep reserves of power within.
You feel drained. The white ugly thing engulfs you!
The white ugly thing freezes you!!
* * * LOW HITPOINT WARNING * * *
Okay, then.
You feel agile all of a sudden.
You redirect the centaur's attack!
The centaur shoots an arrow.
The arrow hits the centaur!!
You block the white ugly thing's attack.
You are confused.
You feel invigorated. The white ugly thing engulfs you.
* * * LOW HITPOINT WARNING * * *
The white ugly thing freezes you!!
You die...

##.............
#.†.≈.P.≈.
#.#≈≈≈≈≈≈≈
#.#≈≈≈≈≈≈≈
#≈#≈≈≈≈≈≈≈
#≈#≈≈≈≈≈≈≈
#≈#≈≈≈≈##≈
###≈#≈≈≈≈#
#@#≈# ≈≈≈
#u#{#≈≈≈≈≈
##c{...≈.≈.
##........
##.c.....
.#.a... .......
#...... .#.$..


You could see a white ugly thing and a centaur.

Vanquished Creatures
  Erica (D:8)
  2 two-headed ogres (D:11)
  3 ugly things
  An elephant (D:9)
  A centaur zombie (D:11)
  A komodo dragon (D:11)
  4 kobold demonologists (D:11)
  An efreet (D:11)
  A troll (D:9)
  A hornet (D:8)
  The ghost of Phong the Sneak, an amateur GnWn (D:5)
  A hippogriff (D:11)
  A spriggan (D:7)
  A shadow (D:11)
  A basilisk (D:9)
  15 yaks
  A hungry ghost (D:11)
  Menkaure (D:6)
  Edmund (D:6)
  4 orc warriors
  A sky beast (D:9)
  2 black bears
  2 ice beasts
  A necrophage (D:9)
  6 ogres
  7 centaurs
  2 crocodiles
  Blork the orc (D:4)
  A wyvern zombie (D:9)
  A big kobold (D:11)
  5 bullfrogs
  A scorpion (D:7)
  23 killer bees (D:11)
  A vampire bat (D:6)
  2 howler monkeys (D:9)
  A quasit (D:6)
  A crimson imp (D:11)
  A bullfrog zombie (D:5)
  3 hounds
  2 bullfrog skeletons
  7 orc priests
  Crazy Yiuf (D:3)
  12 orc wizards
  5 iguanas
  4 worker ants
  A hound zombie (D:9)
  A howler monkey zombie (D:5)
  2 worker ant zombies
  11 adders
  A shadow imp (D:11)
  An adder skeleton (D:6)
  3 worms
  3 dart slugs
  6 leopard geckos
  40 orcs
  2 ball pythons
  4 giant cockroaches
  7 goblins
  8 hobgoblins
  13 jackals
  18 kobolds
  3 quokkas
  15 bats
  7 frilled lizards
  3 rats
285 creatures vanquished.

Vanquished Creatures (others)
  A killer bee (D:11)
  An orc (D:8)
  3 plants (D:11)
5 creatures vanquished.

Grand Total: 290 creatures vanquished

Notes
Turn   | Place    | Note
-------+----------+-------------------------------------------
     0 | D:1      | Fingolfin the Formicid Fighter began the quest for the Orb.
     0 | D:1      | Reached XP level 1. HP: 18/18 MP: 1/1
   177 | D:1      | Reached XP level 2. HP: 21/25 MP: 2/2
   840 | D:2      | Reached XP level 3. HP: 30/31 MP: 3/3
   992 | D:2      | Found a hide-covered altar of Uskayaw.
  1121 | D:2      | Reached skill level 5 in Fighting
  1121 | D:2      | Reached XP level 4. HP: 39/39 MP: 4/4
  1841 | D:3      | Found a runed door.
  1845 | D:3      | Noticed Crazy Yiuf
  1852 | D:3      | Killed Crazy Yiuf
  1852 | D:3      | Reached XP level 5. HP: 29/46 MP: 5/5
  1946 | D:3      | Found a sacrificial altar of Ru.
  1957 | D:3      | Became a worshipper of Ru the Awakened
  2110 | D:3      | Reached XP level 6. HP: 43/53 MP: 6/6
  2485 | D:4      | Noticed Blork the orc
  2496 | D:4      | Killed Blork the orc
  2579 | D:4      | Reached XP level 7. HP: 42/62 MP: 7/7
  2866 | D:4      | Found a glowing golden altar of the Shining One.
  2928 | D:4      | Found a staircase to the Ecumenical Temple.
  2936 | Temple   | Entered the Ecumenical Temple
  3256 | D:4      | Gained mutation: You cannot study or use magical devices. [Ru sacrifice]
  3256 | D:4      | Reached * piety under Ru
  3256 | D:4      | Reached ** piety under Ru
  3464 | D:5      | Entered Level 5 of the Dungeon
  3478 | D:5      | Reached XP level 8. HP: 70/71 MP: 8/8
  3497 | D:5      | Found an ancient bone altar of Kikubaaqudgha.
  3520 | D:5      | Found a stormy altar of Qazlal.
  3520 | D:5      | Found a glowing silver altar of Zin.
  3538 | D:5      | Noticed Phong's ghost (amateur GnWn)
  3563 | D:5      | Killed Phong's ghost
  3622 | D:5      | Found Pucroy Piuza's Elemental Accessories.
  4084 | D:5      | Found an ornate altar of the Wu Jian Council.
  4088 | D:5      | Found a radiant altar of Vehumet.
  4093 | D:5      | Found a shadowy altar of Dithmenos.
  4857 | D:6      | Reached skill level 5 in Maces & Flails
  4945 | D:6      | Noticed Menkaure
  4966 | D:6      | Killed Menkaure
  4966 | D:6      | Reached skill level 3 in Axes
  4966 | D:6      | Reached XP level 9. HP: 38/78 MP: 9/9
  5174 | D:6      | Found a snail-covered altar of Cheibriados.
  5241 | D:6      | Reached skill level 4 in Axes
  5346 | D:6      | Reached skill level 5 in Axes
  5435 | D:6      | Found a bloodstained altar of Trog.
  5454 | D:6      | Gained mutation: You are somewhat unskilled. (-1 Apt) [Ru sacrifice]
  5454 | D:6      | Reached *** piety under Ru
  5454 | D:6      | Reached **** piety under Ru
  5475 | D:6      | Noticed Edmund
  5489 | D:6      | Killed Edmund
  5745 | D:7      | Found a shattered altar of Ashenzari.
  5963 | D:7      | Reached skill level 6 in Axes
  6041 | D:7      | Found a deep blue altar of Sif Muna.
  6181 | D:7      | Reached skill level 7 in Axes
  6356 | D:8      | Noticed Erica
  6368 | D:8      | Killed Erica
  6368 | D:8      | Reached skill level 8 in Axes
  6368 | D:8      | Reached XP level 10. HP: 62/82 MP: 10/10
  6396 | D:8      | Found Niupi's Jewellery Emporium.
  6408 | D:8      | Found Ymoqun Mil's Antique Armour Emporium.
  6424 | D:8      | Bought a pair of embroidered gloves for 142 gold pieces
  6483 | D:8      | Found Ahadotz's Gadget Shoppe.
  6604 | D:8      | Found Xupy's Distillery.
  6612 | D:8      | Bought a potion of curing for 33 gold pieces
  6612 | D:8      | Bought a potion of agility for 44 gold pieces
  6612 | D:8      | Bought a potion of heal wounds for 55 gold pieces
  6723 | D:8      | Found Ixeosi's Antique Armour Shop.
  7127 | D:9      | Reached skill level 9 in Axes
  7147 | D:9      | Noticed an elephant
  7148 | D:9      | Found a staircase to the Lair.
  7165 | D:9      | Killed an elephant
  7195 | D:9      | Gained mutation: You cannot read scrolls while threatened. [Ru sacrifice]
  7195 | D:9      | Reached ***** piety under Ru
  7276 | D:9      | Found Roikua's Assorted Antiques.
  7377 | D:8      | Bought a potion of ambrosia for 88 gold pieces
  7402 | D:8      | Reached skill level 10 in Axes
  7494 | D:9      | Reached skill level 11 in Axes
  7494 | D:9      | Reached XP level 11. HP: 36/87 MP: 11/11
  7829 | D:9      | Noticed a cyan ugly thing
  7834 | D:9      | Killed a cyan ugly thing
  8019 | D:9      | Found an opulent altar of Gozag.
  8335 | D:10     | Entered Level 10 of the Dungeon
  8437 | D:10     | Found a staircase to the Orcish Mines.
  8439 | D:10     | Found Ocumefesa's Armour Boutique.
  8537 | D:10     | Reached skill level 12 in Axes
  9107 | D:10     | Gained mutation: You occasionally shout uncontrollably at your foes. [Ru sacrifice]
  9117 | D:10     | Learned a level 2 spell: Swiftness
  9524 | D:11     | Gained mutation: Your magical capacity is low. (-10% MP) [a neqoxec]
  9561 | D:11     | Noticed a brown ugly thing
  9564 | D:11     | Noticed a green ugly thing
  9573 | D:11     | Killed a green ugly thing
  9573 | D:11     | Reached skill level 13 in Axes
  9583 | D:11     | Killed a cyan ugly thing
 10005 | D:11     | Noticed a two-headed ogre
 10017 | D:11     | Killed a two-headed ogre
 10017 | D:11     | Reached XP level 12. HP: 86/94 MP: 10/10
 10148 | D:11     | Noticed a two-headed ogre
 10166 | D:11     | Killed a two-headed ogre
 10455 | D:11     | HP: 1/94 [komodo dragon (18)]
 10456 | D:11     | Reached skill level 14 in Axes
 11091 | D:11     | Demolished by a white ugly thing

Skill      XL: |  1  2  3  4  5  6  7  8  9 10 11 12 |
---------------+-------------------------------------+-----
Fighting       | 4 5 6 8 9 8 |  8.9
Maces & Flails | 5 |  5.2
Axes           | 3 8 11 13 14 | 14.4
Armour         | |  3.0
Shields        | |  3.2

Action                   |  1- 3 |  4- 6 |  7- 9 | 10-12 || total
-------------------------+-------+-------+-------+-------++-------
Melee: Whip              |    79 |   146 |   176 |       ||   401
       Mace              |     8 |       |    22 |       ||    30
       War axe           |       |       |   158 |   599 ||   757
Invok: Sacrifice Artific |       |       |     1 |       ||     1
       Sacrifice Skill   |       |       |     1 |       ||     1
       Sacrifice Words   |       |       |       |     1 ||     1
       Power Leap        |       |       |       |     1 ||     1
       Sacrifice Purity  |       |       |       |     1 ||     1
       Apocalypse        |       |       |       |     2 ||     2
       Draw Out Power    |       |       |       |     1 ||     1
 Abil: Dig               |       |       |     6 |     8 ||    14
  Use: Potion            |       |       |     1 |     3 ||     4
 Stab: Distracted        |       |       |     2 |     3 ||     5
       Invisible         |       |       |       |     2 ||     2
       Paralysed         |       |       |       |     3 ||     3
  Eat: Chunk             |     1 |     4 |    14 |    10 ||    29
       Ration            |       |       |       |     3 ||     3
Armor: Scale mail        |    30 |    57 |     9 |       ||    96
       Chain mail        |       |       |   193 |   275 ||   468
Dodge: Dodged            |    16 |    54 |    84 |    99 ||   253
Block: Shield            |    30 |    76 |   176 |   190 ||   472
